 Dungeon Crawl Stone Soup version 0.20-a0-277-g7db01f4 (webtiles) character file.

38 holy777 the Grave Robber (level 3, 0/25 HPs)
             Began as a Vampire Necromancer on Dec 13, 2016.
             Succumbed to an adder's poison
             ... on level 2 of the Dungeon.
             The game lasted 00:05:16 (887 turns).

holy777 the Grave Robber (Vampire Necromancer)       Turns: 887, Time: 00:05:17

Health: 0/25       AC:  2    Str:  7    XL:     3   Next: 25%
Magic:  2/6        EV: 13    Int: 18    God:
Gold:   113        SH:  0    Dex: 14    Spells: 1/6 levels left

rFire  . . .     SeeInvis +     g - +0 dagger
rCold  . . .     Gourm    .     a - +0 robe
rNeg   . . .     Faith    .     (no shield)
rPois  .         Spirit   .     (no helmet)
rElec  .         Reflect  .     (no cloak)
rCorr  .         Harm     .     (no gloves)
MR     .....                    (no boots)
Stlth  ++........               (no amulet)
                                (no ring)
                                (no ring)

@: lethally poisoned (0 -> -2), regenerating quickly
A: fangs 3, see invisible, unbreathing
a: no special abilities


You were on level 2 of the Dungeon.
You were full.

You visited 1 branch of the dungeon, and saw 2 of its levels.

You collected 113 gold pieces.

Inventory:

Hand Weapons
 g - a +0 dagger (weapon)
Armour
 a - a +0 robe (worn)
Scrolls
 h - a scroll of recharging {unknown}
Potions
 d - 2 potions of flight
 e - a potion of curing {unknown}
 f - 2 potions of degeneration {unknown}
Books
 b - a book of Necromancy

   Spells                             Type                      Level
   a - Pain                           Necromancy                   1
   b - Animate Skeleton               Necromancy                   1
   c - Vampiric Draining              Necromancy                   3
   d - Regeneration                   Charms/Necromancy            3
   e - Animate Dead                   Necromancy                   4
   f - Control Undead                 Necromancy                   4


   Skills:
 * Level 0.8 Fighting
 * Level 2.8 Dodging
 + Level 3.3 Stealth
 + Level 2.2 Spellcasting
 + Level 4.8 Necromancy


You had one spell level left.
You knew the following spells:

 Your Spells              Type           Power        Failure   Level  Hunger
a - Pain                  Necr           ###.         2%          1    #......
b - Animate Skeleton      Necr           N/A          2%          1    #......
c - Vampiric Draining     Necr           ###.......   10%         3    ###....


Dungeon Overview and Level Annotations

Branches:
Dungeon (2/15)

Altars:


Innate Abilities, Weirdness & Mutations

Your natural rate of healing is unusually fast.
You have razor-sharp teeth.
You have supernaturally acute eyesight. (SInv)
You can survive without breathing.


Message History

A bat comes into view.
The adder closely misses you. The bat hits you but does no damage.
You feel sick. The bat hits you.
* * * LOW HITPOINT WARNING * * *
The adder barely misses you. The bat barely misses you.
You see here a chunk of flesh.
Casting: Vampiric Draining
Confirm with . or Enter, or press ? or * to list all spells.
You don't have enough magic to cast that spell.
The bat hits you but does no damage. The bat hits you but does no damage.
The bat barely misses you.
You feel sick. The bat closely misses you. The bat closely misses you.
The bat hits you but does no damage. The bat misses you. The adder bites you.
* * * LOW HITPOINT WARNING * * *
You are lethally poisoned!
The adder poisons you!
You die...

#.# #...# ..#### #.#
#...## ##...... #.#
###..#####...... #.#
##(...l....# .. #.#
##.%......# #. #.#
#####gb..# #. #.#
#.S..#
#.##.############.%..#
...%.ZZ.........@....#
##.#.#############(..#
#...# #..†....#
###..## #.####..#
......# ..# ......#
.... Z.....# .####
......# .. ....>.# #.


You could see an adder, a hobgoblin and a bat.

Vanquished Creatures
  3 dart slugs
  A leopard gecko (D:1)
  A giant cockroach (D:1)
  5 goblins (D:1)
  3 hobgoblins (D:1)
  A jackal (D:2)
  4 kobolds
  3 bats
  6 frilled lizards
  2 rats (D:1)
29 creatures vanquished.

Vanquished Creatures (collateral kills)
  A frilled lizard (D:2)
  A kobold (D:2)
2 creatures vanquished.

Grand Total: 31 creatures vanquished

Notes
Turn   | Place    | Note
-------+----------+-------------------------------------------
     0 | D:1      | holy777 the Vampire Necromancer began the quest for the Orb.
     0 | D:1      | Reached XP level 1. HP: 13/13 MP: 3/3
    61 | D:1      | Learned a level 1 spell: Animate Skeleton
   172 | D:1      | Reached XP level 2. HP: 12/19 MP: 0/5
   693 | D:2      | Reached XP level 3. HP: 25/25 MP: 6/6
   698 | D:2      | Learned a level 3 spell: Vampiric Draining
   886 | D:2      | HP: 1/25 [adder (2)]
   887 | D:2      | Succumbed to an adder's poison

Vault maps used:
D:1:      dpeg_arrival_pits, minmay_misc_feat_pillars, serial_bayou_lake_a
D:2:      kennysheep_jessica_study

Action                   || total
-------------------------++-------
Melee: Unarmed           ||    18
       Dagger            ||    86
       Bite              ||     7
 Cast: Pain              ||    17
       Animate Skeleton  ||     7
       Vampiric Draining ||     2
  Use: Scroll            ||     1
       Potion            ||     1
 Stab: Sleeping          ||     8
  Eat: Corpse            ||     7
Armor: Robe              ||    16
Dodge: Dodged            ||    62
